 Dungeon Crawl Stone Soup version 0.25.1-2-g60ff931df9 (webtiles) character file.

Game seed: 7262715973473750480

90 hawla the Stinger (level 4, 0/49 HPs)
             Began as a Draconian Venom Mage on Nov 16, 2020.
             Succumbed to miscasting Olgreb's Toxic Radiance's poison
             ... on level 2 of the Dungeon.
             The game lasted 00:05:53 (2401 turns).

hawla the Stinger (Draconian Venom Mage)            Turns: 2401, Time: 00:05:54

Health: 0/49       AC: 22    Str: 10    XL:     4   Next: 32%
Magic:  1/7        EV:  2    Int: 16    God:
Gold:   50         SH:  0    Dex: 12    Spells: 0/7 levels left

rFire    . . .     SeeInvis .   e - +3 whip (venom)
rCold    . . .     Gourm    .   (no shield)
rNeg     + + +     Faith    .   (armour unavailable)
rPois    +         Spirit   .   (helmet currently unavailable)
rElec    .         Reflect  .   (cloak currently unavailable)
rCorr    .         Harm     .   (gloves currently unavailable)
MR       .....     NoTele   +   (boots currently unavailable)
Stlth    ++........             (no amulet)
HPRegen  0.16/turn              (no ring)
MPRegen  0.10/turn              (no ring)

@: lethally poisoned (0 -> -3), tree-form, very slightly contaminated
A: unfitting armour, AC +5
a: no special abilities


You were on level 2 of the Dungeon.
You were not hungry.
You were a tree.
You visited 1 branch of the dungeon, and saw 2 of its levels.

You collected 50 gold pieces.

Inventory:

Hand Weapons
 e - a +3 whip of venom (weapon)
Scrolls
 d - a scroll of identify {unknown}
Comestibles
 a - a chunk of flesh
 b - 3 rations


   Skills:
 - Level 1.7 Dodging
 - Level 1.7 Stealth
 - Level 2.3 Spellcasting
 + Level 2.6 Transmutations
 + Level 1.3 Air Magic
 + Level 3.9 Poison Magic


You couldn't memorise any spells.
You knew the following spells:

 Your Spells              Type           Power        Failure   Level  Hunger
a - Sting                 Tmut/Pois      ##..         5%          1    #......
b - Poisonous Vapours     Pois/Air       ##....       11%         2    ###....
c - Olgreb's Toxic Radia  Pois           ##......     36%         4    #####..

Your spell library contained the following spells:

 Spells                   Type           Power        Failure   Level  Hunger
 Ignite Poison            Fire/Tmut/Pois #.......     24%         3    ###....
 Mephitic Cloud           Conj/Pois/Air  #.......     30%         3    ###....


Dungeon Overview and Level Annotations

Branches:
Dungeon (2/15)

Altars:


Innate Abilities, Weirdness & Mutations

((Your plain brown scales are hard. (AC +5)))
You cannot fit into any form of body armour.
((You are cold-blooded and may be slowed by cold attacks.))


Message History

The jackal bites you but does no damage.
The jackal misses you.
It was a potion of lignification.
You turn into a tree.
Your roots penetrate the ground.
* * * LOW HITPOINT WARNING * * *
You feel sick.
The jackal bites you but does no damage.
You hit the jackal.
The jackal is poisoned.
The jackal is heavily wounded.
The jackal bites you but does no damage. x2
You hit the jackal.
The jackal looks as sick as possible!
The jackal is severely wounded.
* * * LOW HITPOINT WARNING * * *
You feel sick.
You kill the jackal!
You barely miss the jackal. The jackal barely misses you.
The jackal bites you but does no damage.
You hit the jackal.
You kill the jackal!
You die...

# . #
.###
....
....
#######
...# #.#
#..†♣.#
#.. #.#
#.###.#
#.. #.#
#.# %..
#[.## #
#.# #.#
####
...# #.#
#.# #.#
#..#.#..
#.# #.#
#..#....
#.####.#
#..#####
#......#
#..#####
#####..#
#.......


There were no monsters in sight!

Vanquished Creatures
  An adder (D:2)
  An ooze (D:1)
  2 worms (D:2)
  4 dart slugs (D:1)
  A leopard gecko (D:2)
  2 ball pythons
  4 giant cockroaches
  8 goblins
  9 hobgoblins
  4 jackals (D:2)
  7 bats
  3 frilled lizards
  4 kobolds
  6 rats
56 creatures vanquished.

Notes
Turn   | Place    | Note
-------+----------+-------------------------------------------
     0 | D:1      | hawla the Draconian Venom Mage began the quest for the Orb.
     0 | D:1      | Reached XP level 1. HP: 14/14 MP: 3/3
   229 | D:1      | Reached XP level 2. HP: 18/20 MP: 1/5
   597 | D:1      | Reached XP level 3. HP: 23/26 MP: 2/6
   601 | D:1      | Learned a level 2 spell: Poisonous Vapours
  1677 | D:2      | Reached skill level 1 in Air Magic
  1745 | D:2      | Reached XP level 4. HP: 33/33 MP: 1/7
  1886 | D:2      | Learned a level 4 spell: Olgreb's Toxic Radiance
  2397 | D:2      | HP: 2/49 [poisoned by miscasting Olgreb's Toxic Radiance]
  2401 | D:2      | Succumbed to miscasting Olgreb's Toxic Radiance's poison

Illustrated notes

Levels and vault maps discovered:
D:1:      elethiomel_arrival_maze, layout_basic
D:2:      layout_loops_ring, first_ration, serial_bayou_pond_d

Skill      XL: |  1  2  3 |
---------------+----------+-----
Transmutations | 2 |  2.6
Air Magic      | 1 |  1.3
Dodging        | |  1.7
Stealth        | |  1.7
Spellcasting   | |  2.3
Poison Magic   | |  3.9

Action                   |  1- 3 |  4- 6 || total
-------------------------+-------+-------++-------
Melee: Unarmed           |    21 |       ||    21
       Tailslap          |     2 |       ||     2
       Whip              |     2 |     5 ||     7
 Cast: Sting             |    39 |     3 ||    42
       Poisonous Vapours |    25 |     7 ||    32
       Olgreb's Toxic Ra |       |     1 ||     1
  Use: Scroll            |     1 |       ||     1
       Potion            |       |     1 ||     1
  Eat: Chunk             |     5 |     3 ||     8
Armor: Skin              |    23 |    12 ||    35
Dodge: Dodged            |    30 |     8 ||    38
